 Dungeon Crawl Stone Soup version 0.20.1-1-g8b1a95d (webtiles) character file.

349 kae the Skirmisher (level 6, -6/39 HPs)
             Began as a Gargoyle Fighter on Sept 18, 2017.
             Killed by divine providence
             ... invoked by an orc priest
              (10 damage)
             ... on level 5 of the Dungeon.
             The game lasted 00:04:26 (2684 turns).

kae the Skirmisher (Gargoyle Fighter)               Turns: 2684, Time: 00:04:26

Health: -6/39      AC: 13    Str: 22    XL:     6   Next: 60%
Magic:  6/6        EV:  8    Int: 10    God:
Gold:   106        SH:  9    Dex: 13    Spells: 5/5 levels left

rFire    . . .     SeeInvis .   a - +1 trident
rCold    . . .     Gourm    .   c - +0 shield
rNeg     + . .     Faith    .   b - +0 scale mail
rPois    ∞         Spirit   .   n - +1 helmet
rElec    +         Reflect  .   (no cloak)
rCorr    .         Harm     .   (no gloves)
MR       .....     Rnd*Tele +   (no boots)
Stlth    ..........             (no amulet)
Regen    0.2/turn               s - +4 ring of dexterity
MPRegen  0.1/turn               (no ring)

@: no status effects
A: talons 1, clever 1, negative energy resistance 1, electricity resistance,
teleportitis 1, unbreathing, petrification resistance, rot immunity, AC +4
a: no special abilities


You were on level 5 of the Dungeon.
You were not hungry.

You visited 1 branch of the dungeon, and saw 5 of its levels.

You collected 106 gold pieces.

Inventory:

Hand Weapons
 a - a +1 trident (weapon)
Missiles
 o - a throwing net (quivered)
Armour
 b - a +0 scale mail (worn)
 c - a +0 shield (worn)
 n - a +1 helmet (worn)
Jewellery
 s - a +4 ring of dexterity (left hand)
Wands
 r - a wand of flame (9/48)
Scrolls
 e - a scroll of immolation
 l - a scroll of remove curse
 w - a scroll of enchant weapon
Potions
 m - 4 potions of magic
Books
 u - a book of Changes

   Spells                             Type                      Level
   a - Beastly Appendage              Transmutation                1
   b - Sticks to Snakes               Transmutation                2
   c - Spider Form                    Transmutation/Poison         3
   d - Ice Form                       Ice/Transmutation            4
   e - Blade Hands                    Transmutation                5
Comestibles
 f - 2 bread rations
 g - 2 meat rations
 i - 6 fruits
 t - a royal jelly


   Skills:
 + Level 4.6 Fighting
 * Level 4.0 Polearms
 + Level 4.5 Armour
 + Level 2.2 Dodging
 - Level 3.2 Shields


You had 5 spell levels left.
You didn't know any spells.

Dungeon Overview and Level Annotations

Branches:
Dungeon (5/15)
 Temple: D:4-7

Altars:
Sif Muna

Annotations:
D:4 Eustachio
D:5 Blork the orc


Innate Abilities, Weirdness & Mutations

You are resistant to torment.
Your stone body is resilient. (AC +4)
You are immune to poison.
You resist negative energy. (rN+)
You are resistant to electric shocks. (rElec)
You can survive without breathing.
You are immune to petrification.
You are immune to rotting.
You have sharp toenails.
Your mind is acute. (Int +2)
You are occasionally teleported next to monsters.


Message History

The crimson imp blinks!
The orc hits you but does no damage.
The orc priest calls down the wrath of Beogh upon you.
Pain shoots through your body!
* * * LOW HITPOINT WARNING * * *
Okay, then.
The crimson imp shouts, "Flee, thou craven tip-merry clam!"
The orc hits you but does no damage. You block the orc priest's attack.
Evoke which item? (* to show all) (? for menu, Esc to quit)
Okay, then.
Okay, then.
Evoke which item? (* to show all) (? for menu, Esc to quit)
Okay, then.
Unknown command.
Okay, then.
The orc priest hits you with a flail.
* * * LOW HITPOINT WARNING * * *
The crimson imp blinks!
The orc priest calls down the wrath of Beogh upon you.
Beogh smites you!
You die...

#..#.##########.....Sh.
#..#..# .......Z.
#.....# ######.......
...#.## #...# ..$.#.#
#...# .....#.# #...#
......#.# #.Oo# #.o.#
#@..# #...# #...# #...#
#...# #5..# ....'
....##


You could see an ogre, an orc priest, a crimson imp and an orc.

Vanquished Creatures
  A crimson imp (D:5)
  A hound (D:4)
  2 orc priests (D:4)
  Jessica (D:2)
  Ijyb (D:3)
  A worker ant (D:5)
  Terence (D:2)
  2 adders (D:3)
  An ooze (D:2)
  6 worms
  A leopard gecko (D:3)
  9 orcs
  3 giant cockroaches
  10 goblins
  2 hobgoblins (D:2)
  10 jackals
  4 quokkas
  A ball python (D:5)
  6 bats
  2 frilled lizards
  10 kobolds
  5 rats
80 creatures vanquished.

Notes
Turn   | Place    | Note
-------+----------+-------------------------------------------
     0 | D:1      | kae the Gargoyle Fighter began the quest for the Orb.
     0 | D:1      | Reached XP level 1. HP: 14/14 MP: 1/1
   128 | D:1      | Reached XP level 2. HP: 18/19 MP: 2/2
   706 | D:2      | Reached XP level 3. HP: 23/23 MP: 3/3
   815 | D:2      | Noticed Terence
   827 | D:2      | Killed Terence
   827 | D:2      | Reached skill level 1 in Dodging
   856 | D:2      | Noticed Jessica
   869 | D:2      | Killed Jessica
   869 | D:2      | Reached XP level 4. HP: 27/29 MP: 4/4
  1136 | D:2      | Found a deep blue altar of Sif Muna.
  1747 | D:3      | Reached XP level 5. HP: 33/33 MP: 5/5
  1820 | D:3      | Noticed Ijyb
  1834 | D:3      | Killed Ijyb
  2558 | D:4      | Noticed Eustachio
  2596 | D:4      | Reached XP level 6. HP: 21/39 MP: 6/6
  2597 | D:4      | Gained mutation: You are occasionally teleported next to monsters. [potion of mutation]
  2597 | D:4      | Gained mutation: Your mind is acute. (Int +2) [potion of mutation]
  2597 | D:4      | Gained mutation: You have sharp toenails. [potion of mutation]
  2617 | D:5      | Entered Level 5 of the Dungeon
  2649 | D:5      | Noticed Blork the orc
  2684 | D:5      | Killed from afar by an orc priest

Skill      XL: |  1  2  3  4  5  6 |
---------------+-------------------+-----
Polearms       | 2 3 4 |  4.0
Dodging        | 1 2 |  2.2
Fighting       | 4 |  4.6
Armour         | 4 |  4.5
Shields        | |  3.2

Action                   |  1- 3 |  4- 6 || total
-------------------------+-------+-------++-------
Melee: Trident           |   106 |   192 ||   298
       Kick              |       |     6 ||     6
  Use: Scroll            |     2 |     7 ||     9
       Potion            |       |     7 ||     7
  Eat: Chunk             |       |     6 ||     6
Armor: Scale mail        |    39 |    70 ||   109
       Skin              |       |    35 ||    35
Dodge: Dodged            |    32 |    53 ||    85
Block: Shield            |    36 |   102 ||   138
